 Dungeon Crawl Stone Soup version 0.29.1-13-g9f3cf754e1 (webtiles) character file.

Game seed: 16267050212575034540

162 croobank the Sneak (level 5, -2/37 HPs)
             Began as an Octopode Delver on Feb 8, 2023.
             Slain by a bullfrog (8 damage)
             ... in a sewer.
             The game lasted 00:03:29 (1070 turns).

croobank the Sneak (Octopode Delver)                Turns: 1070, Time: 00:03:30

Health: -2/37      AC:  1    Str: 11    XL:     5   Next: 43%
Magic:  5/5        EV: 14    Int: 14    God:
Gold:   40         SH:  0    Dex: 14    Spells: 4/4 levels left

rFire   . . .      SeeInvis .   a - +0 hand axe
rCold   . . .      Faith    .   (no shield)
rNeg    . . .      Spirit   .   (helmet restricted)
rPois   .          Reflect  .   (no amulet)
rElec   .          Harm     .   (no ring)
rCorr   .          Rampage  .   (no ring)
Will    .....                   (no ring)
Stlth   +++++.....              (no ring)
HPRegen 0.12/turn               (no ring)
MPRegen 0.09/turn               (no ring)
                                (no ring)
                                (no ring)

@: hasted, very quick
A: almost no armour, amphibious, 8 rings, camouflage 1, gelatinous body 1,
(nimble swimmer 1), tentacles
a: no special abilities


You were in a sewer.
You visited 2 branches of the dungeon, and saw 2 of its levels.
You also visited: Sewer.

You collected 40 gold pieces.

Inventory:

Hand Weapons
 a - a +0 hand axe (weapon)
 j - a +2 falchion of electrocution
Wands
 f - a wand of digging (3)
 i - a wand of mindburst (3)
Scrolls
 b - a scroll of fog
 c - a scroll of vulnerability {unknown}
 d - a scroll of fear
 h - 2 scrolls of identify {unknown}
 k - a scroll of teleportation {unknown}
Potions
 g - a potion of might {unknown}


   Skills:
 + Level 3.9 Fighting
 + Level 3.2 Axes
 + Level 3.1 Dodging
 + Level 7.6 Stealth


You had 4 spell levels left.
You didn't know any spells.
Your spell library was empty.

Dungeon Overview and Level Annotations

Branches:
Dungeon (5/15)             Temple (1/1) D:5           Sewer (1/1)

Altars:
Dithmenos
Fedhas
Hepliaklqana
Makhleb
Qazlal
Ru
Sif Muna
Trog
Vehumet
Xom
Yredelemnul
Zin
The Shining One


Innate Abilities, Weirdness & Mutations

You cannot wear most types of armour.
You are amphibious.
You can wear up to eight rings at the same time.
Your skin changes colour to match your surroundings (Stealth+).
Your rubbery body absorbs attacks. (AC +1, EV +1)
((You are camouflaged when in or above water. (Stealth+)))
You have tentacles for arms and can constrict up to eight enemies at once.


Message History

You constrict the bullfrog. The bullfrog hits you.
The bullfrog struggles to escape constriction.
Aiming: Mindburst
Press: ? - help, Shift-Dir - straight line, f/p - bullfrog
Aim: a bullfrog (severely wounded, constricted by you, chance to affect: 64%)
The bullfrog's mind is blasted!
You blow up the bullfrog!
The bullfrog hits you.
Your Axes skill increases to level 3!
Your Dodging skill increases to level 3!
You have reached level 5!
You feel agile.
Aiming: Mindburst
Press: ? - help, Shift-Dir - straight line, f - bullfrog
Aim: a bullfrog (chance to affect: 64%)
The bullfrog struggles to resist.
The bullfrog releases a deep croak.
The bullfrog barely misses you.
A ball python comes into view.
The giant cockroach misses you. The bullfrog hits you!
* * * LOW HITPOINT WARNING * * *
You feel yourself speed up.
A giant cockroach comes into view.
The bullfrog hits you.
* * * LOW HITPOINT WARNING * * *
The giant cockroach splashes around in the water.
The bullfrog attacks as you move away! The bullfrog closely misses you.
The bullfrog attacks as you move away!
The bullfrog hits you but does no damage.
The bullfrog barely misses you.
Aiming: Mindburst
Press: ? - help, Shift-Dir - straight line, f/p - bullfrog
Aim: a bullfrog (chance to affect: 64%)
The bullfrog's mind is blasted!
The bullfrog hits you.
* * * LOW HITPOINT WARNING * * *
Aiming: Mindburst
Press: ? - help, Shift-Dir - straight line, f/p - bullfrog
Aim: a bullfrog (severely wounded, chance to affect: 64%)
The bullfrog struggles to resist.
The bullfrog hits you!
You die...

############# #####.~~~~~~~~~~#
###.∩..~~~~~.†~~~~#
##~...~#########~..#
#∩~~####~~.~.~~~~~~####
#####~~~~#####~~.~.#~~##
##~~.†~.~#.∩~#######~.~####
##~~.~~####~~~~B~..#~~†~~~~##
##~.~.###~~~~~@FSS.~##.~#...~##
#~~~~##~.~~.#######r~#~~##.~.~#
##~.~##~~~~### #~~##~.##~.~#
#~~~~#~.~~## ~.~~#..~#~~..
#~.~##†~~## ~.B~~#~.~##.~~
#~~~#.~~~# ~$~.~~#†~~~#~†~
#††~#~.~~# F?)S.~~#.~~~#~~.
#~~~#.~~~# .()?.~~≈#††~~#~~~
#~~~##~~~## ~~~..~~≈##~.~##~~~


You could see a bullfrog, a quokka, a giant cockroach and 2 ball pythons.

Vanquished Creatures
  A bullfrog (Sewer)
  A hound (D:5)
  3 adders
  6 ball pythons
  8 endoplasms (Sewer)
  5 giant cockroaches (Sewer)
  9 quokkas (Sewer)
  6 frilled lizards (Sewer)
  3 rats (D:5)
42 creatures vanquished.

Notes
Turn   | Place    | Note
-------+----------+-------------------------------------------
     0 | D:5      | croobank the Octopode Delver began the quest for the Orb.
     0 | D:5      | Reached XP level 1. HP: 16/16 MP: 1/1
    16 | D:5      | Reached XP level 2. HP: 11/21 MP: 2/2
   191 | D:5      | Noticed a scorpion
   208 | D:5      | Reached skill level 7 in Stealth
   208 | D:5      | Reached XP level 3. HP: 26/26 MP: 3/3
   210 | D:5      | Found a staircase to the Ecumenical Temple.
   223 | Temple   | Entered the Ecumenical Temple
   394 | D:5      | Found a glowing drain.
   445 | Sewer    | Entered a sewer
   631 | Sewer    | Reached XP level 4. HP: 31/31 MP: 4/4
  1055 | Sewer    | Noticed a bullfrog
  1056 | Sewer    | Noticed a bullfrog
  1062 | Sewer    | Killed a bullfrog
  1063 | Sewer    | Reached XP level 5. HP: 18/37 MP: 5/5
  1070 | Sewer    | Slain by a bullfrog

Illustrated notes

Levels and vault maps discovered:
D:5:      layout_cave_pools, minmay_temple_entry_overgrown,
          cheibrodos_sewer_entry_drain, serial_shops, shop_statue, dk_vineyard_3
Temple:   nicolae_temple_bog_church
Sewer:    sewer_frog_island_02

Skill      XL: |  1  2  3  4 |
---------------+-------------+-----
Stealth        | 7 |  7.6
Axes           | 3 |  3.2
Dodging        | 3 |  3.1
Fighting       | |  3.9

Action                   |  1- 3 |  4- 6 || total
-------------------------+-------+-------++-------
Melee: Hand axe          |    28 |    33 ||    61
       Constrict         |     6 |     8 ||    14
       Tentacles         |     5 |     8 ||    13
Evoke: Wand              |     1 |     6 ||     7
  Use: Scroll            |     1 |       ||     1
       Potion            |       |     1 ||     1
 Stab: Sleeping          |     9 |     9 ||    18
Armor: Skin              |     1 |     3 ||     4
Dodge: Dodged            |    11 |    16 ||    27
